 Dungeon Crawl Stone Soup version 0.26-a0-259-g1effd001a9 (webtiles) character file.

Game seed: 6708307673903975385

3417 raph the Destroyer (level 9, -1/49 HPs)
             Began as a Deep Elf Conjurer on July 18, 2020.
             Was a Follower of Vehumet.
             Slain by a wyvern (15 damage)
             ... on level 7 of the Dungeon on July 19, 2020.
             The game lasted 00:27:04 (9774 turns).

raph the Destroyer (Deep Elf Conjurer)              Turns: 9774, Time: 00:27:05

Health: -1/49      AC:  9    Str:  5    XL:     9   Next: 76%
Magic:  6/21       EV: 15    Int: 26    God:    Vehumet [*.....]
Gold:   242        SH:  0    Dex: 13    Spells: 2/21 levels left

rFire    + . .     SeeInvis .   a - +1 dagger (venom)
rCold    x . .     Faith    .   (no shield)
rNeg     + . .     Spirit   .   r - +2 robe of Joy {rPois rN+ MR+}
rPois    +         Reflect  .   q - +0 helmet
rElec    .         Harm     .   (no cloak)
rCorr    .                      (no gloves)
MR       +....                  (no boots)
Stlth    +++.......             (no amulet)
HPRegen  0.16/turn              n - +4 ring of protection
MPRegen  0.17/turn              s - ring of fire

@: no status effects
A: no striking features
a: Renounce Religion


You were on level 7 of the Dungeon.
You worshipped Vehumet.
Vehumet was aware of your devotion.
You were not hungry.

You visited 2 branches of the dungeon, and saw 9 of its levels.

You collected 242 gold pieces.

Inventory:

Hand Weapons
 a - a +1 dagger of venom (weapon)
 b - a +0 dagger
 d - a +0 vorpal mace
 g - a +1 dagger of holy wrath
 j - a +2 dagger of speed
 m - a +4 short sword of venom
Missiles
 z - 20 poisoned darts (quivered)
 E - 50 stones
 F - 6 datura-tipped darts
Armour
 q - a +0 helmet (worn)
 r - the +2 robe of Joy (worn) {rPois rN+ MR+}
   (You found it on level 4 of the Dungeon)

   It protects you from poison.
   It protects you from negative energy.
   It affects your resistance to hostile enchantments.
Jewellery
 n - a +4 ring of protection (left hand)
 s - a ring of fire (right hand)
Wands
 y - a wand of digging (3)
 C - a wand of clouds (6)
Scrolls
 e - a scroll of magic mapping
 f - a scroll of blinking
 k - 3 scrolls of enchant weapon
 p - 3 scrolls of remove curse
 u - 4 scrolls of teleportation
 A - a scroll of amnesia
 D - 3 scrolls of identify
Potions
 h - 2 potions of lignification
 i - a potion of invisibility {unknown}
 l - 2 potions of cancellation {unknown}
 o - a potion of ambrosia {unknown}
 t - a potion of magic {unknown}
 v - a potion of mutation {unknown}
 w - 2 potions of brilliance {unknown}
 x - 2 potions of curing {unknown}
 B - a potion of flight {unknown}
Comestibles
 c - 10 rations


   Skills:
 - Level 2.6 Fighting
 - Level 1.7 Short Blades
 + Level 5.5 Dodging
 + Level 6.1 Stealth
 + Level 6.7 Spellcasting
 * Level 10.0 Conjurations
 + Level 5.5 Hexes
 - Level 6.0 Translocations


You had 2 spell levels left.
You knew the following spells:

 Your Spells              Type           Power        Failure   Level
a - Magic Dart            Conj           ####         1%          1
b - Searing Ray           Conj           ######       1%          2
c - Dazzling Flash        Conj/Hex       #####.       1%          3
d - Iskenderun's Mystic   Conj/Tloc      ######..     2%          4
e - Corona                Hex            #####..      1%          1
f - Fulminant Prism       Conj/Hex       #####.....   2%          4
g - Tukima's Dance        Hex            #####...     1%          3
h - Sandblast             Erth           #.....       6%          1

Your spell library contained the following spells:

 Spells                   Type           Power        Failure   Level
 Freeze                   Ice            #...         6%          1
 Ensorcelled Hibernation  Hex/Ice        ###...       3%          2
 Confusing Touch          Hex            #####...     1%          3


Dungeon Overview and Level Annotations

Branches:
Dungeon (8/15)             Temple (1/1) D:5
   Lair: D:8-11

Altars:
Ashenzari
Cheibriados
Dithmenos
Elyvilon
Fedhas
Hepliaklqana
Kikubaaqudgha
Nemelex Xobeh
Okawaru
Qazlal
Sif Muna
Trog
Uskayaw
Vehumet
Yredelemnul
Zin
The Shining One

Shops:
D:7 (


Message History

The wyvern closely misses you.
You climb upwards.
There is a stone staircase leading down here.
Casting: Iskenderun's Mystic Blast (dangerous; 2% risk of failure)
Confirm with . or Enter, or press ? or * to list all spells.
You erupt in a blast of force!
The mystic blast hits the wyvern!
The wyvern is severely wounded.
The wyvern is knocked back by the mystic blast.
Drop what? 32/52 slots (_ for help) (? for menu, Esc to quit)
Okay, then.
Casting: Iskenderun's Mystic Blast (dangerous; 2% risk of failure)
Confirm with . or Enter, or press ? or * to list all spells.
You erupt in a blast of force!
The mystic blast misses the wyvern.
The wyvern bites you!
* * * LOW HITPOINT WARNING * * *
Casting: Iskenderun's Mystic Blast (dangerous; 2% risk of failure)
Confirm with . or Enter, or press ? or * to list all spells.
You erupt in a blast of force!
The mystic blast misses the wyvern.
The wyvern bites you!
You die...

#......#############
#####'###............
#....................
#....................
#....................
#....................
#....................
#....l...............
#...@....#'#########'
#........'...........
#.[......#...........
##########...........
#.......).).........
#...................
#...................
#.....[[............
#......##...####.##.


You could see a wyvern.

Vanquished Creatures
  Prince Ribbit (D:5)
  4 yaks (D:6)
  Duvessa (D:6)
  A black bear (D:7)
  3 ice beasts
  3 orc warriors (D:7)
  2 sky beasts
  4 ogres
  A centaur (D:8)
  2 bullfrogs
  2 scorpions (D:7)
  Dowan (D:6)
  9 wights
  3 howler monkeys
  An orc priest (D:7)
  6 orc wizards
  6 worker ants
  2 hound skeletons
  A worker ant zombie (D:5)
  A howler monkey skeleton (D:6)
  4 adders
  A shadow imp (D:5)
  4 worms
  A dart slug (D:1)
  3 leopard geckos
  25 orcs
  4 giant cockroaches
  10 goblins
  11 hobgoblins
  4 jackals
  10 kobolds
  4 quokkas
  2 ball pythons
  7 bats
  9 frilled lizards
  A quokka zombie (D:7)
  7 rats
161 creatures vanquished.

Vanquished Creatures (others)
  A shadow imp (D:7)
  A white imp (D:7)
  8 fulminant prisms
10 creatures vanquished.

Grand Total: 171 creatures vanquished

Notes
Turn   | Place    | Note
-------+----------+-------------------------------------------
     0 | D:1      | raph the Deep Elf Conjurer began the quest for the Orb.
     0 | D:1      | Reached XP level 1. HP: 10/10 MP: 6/6
   284 | D:1      | Reached XP level 2. HP: 16/16 MP: 6/8
   288 | D:1      | Learned a level 2 spell: Searing Ray
   926 | D:1      | Reached XP level 3. HP: 20/20 MP: 7/9
  1400 | D:2      | Reached skill level 1 in Fighting
  1649 | D:2      | Learned a level 3 spell: Dazzling Flash
  2372 | D:3      | Reached skill level 1 in Hexes
  2576 | D:3      | Reached XP level 4. HP: 25/25 MP: 11/11
  2690 | D:3      | Reached skill level 5 in Conjurations
  2965 | D:3      | Reached XP level 5. HP: 29/29 MP: 9/12
  2993 | D:3      | Learned a level 4 spell: Iskenderun's Mystic Blast
  3220 | D:4      | Noticed a sky beast
  3360 | D:4      | Got a steaming robe
  3371 | D:4      | Identified the +2 robe of Joy {rPois rN+ MR+} (You found it
                  | on level 4 of the Dungeon)
  3587 | D:4      | Reached skill level 1 in Translocations
  3874 | D:5      | Entered Level 5 of the Dungeon
  3878 | D:5      | Noticed Prince Ribbit
  4147 | D:5      | Identified a scroll of acquirement
  4147 | D:5      | Acquired a book of Maledictions
  4153 | D:5      | Learned a level 1 spell: Corona
  4211 | D:5      | Killed Prince Ribbit
  4211 | D:5      | Reached skill level 6 in Conjurations
  4211 | D:5      | Reached XP level 6. HP: 4/35 MP: 8/14
  4584 | D:5      | Found a staircase to the Ecumenical Temple.
  4652 | Temple   | Entered the Ecumenical Temple
  4791 | Temple   | Became a worshipper of Vehumet
  5036 | D:5      | Noticed a sky beast
  5043 | D:5      | Killed a sky beast
  5043 | D:5      | Reached XP level 7. HP: 31/40 MP: 11/15
  5506 | D:6      | Noticed a yak
  5507 | D:6      | Noticed a yak
  5508 | D:6      | Noticed a yak
  5511 | D:6      | Noticed a yak
  5516 | D:6      | Killed a yak
  5516 | D:6      | Reached skill level 7 in Conjurations
  5517 | D:6      | Killed a yak
  5517 | D:6      | Reached skill level 5 in Translocations
  5521 | D:6      | Killed a yak
  5521 | D:6      | Reached XP level 8. HP: 26/44 MP: 3/16
  5523 | D:6      | Reached skill level 8 in Conjurations
  5989 | D:6      | Learned a level 4 spell: Fulminant Prism
  6270 | D:6      | Noticed Duvessa
  6270 | D:6      | Noticed Dowan
  6275 | D:6      | Killed Dowan
  6277 | D:6      | Killed Duvessa
  6277 | D:6      | Reached skill level 1 in Short Blades
  6383 | D:6      | Reached skill level 5 in Spellcasting
  6824 | D:6      | Reached * piety under Vehumet
  6824 | D:6      | Offered knowledge of Sandblast by Vehumet.
  7382 | D:7      | Found an iron altar of Okawaru.
  7423 | D:7      | Reached skill level 9 in Conjurations
  7423 | D:7      | Reached XP level 9. HP: 49/49 MP: 12/19
  8305 | D:7      | Reached skill level 5 in Stealth
  8510 | D:7      | Learned a level 3 spell: Tukima's Dance
  8688 | D:7      | Learned a level 1 spell: Sandblast
  8931 | D:7      | Found Efogubub's Antique Weapon Shop.
  8999 | D:7      | Reached skill level 5 in Dodging
  8999 | D:7      | Reached skill level 5 in Hexes
  9617 | D:8      | Offered knowledge of Freeze by Vehumet.
  9617 | D:8      | Reached skill level 10 in Conjurations
  9774 | D:7      | Slain by a wyvern

Illustrated notes

Levels and vault maps discovered:
D:1:      lightli_arrival_farm, layout_basic
D:2:      layout_loops_corners, due_unseen_surprise
D:3:      layout_loops_ring
D:4:      layout_cave_pods, first_ration, chequers_big_river
D:5:      layout_basic, minmay_temple_entry_overgrown, serial_bayou_pond_a,
          uniq_prince_ribbit1
D:6:      corexii_shack_village, layout_basic, uniq_duvessa
D:7:      layout_gridville, okawaru_trees_2, serial_shops,
          nicolae_shop_competitors_out_of_business, lemuel_old_faithful
D:8:      layout_rooms, hangedman_feature_mirror, hangedman_ranch
          [blue_anna_fruit_fields], uniq_harold
Temple:   nicolae_temple_elliptical

Skill      XL: |  1  2  3  4  5  6  7  8  9 |
---------------+----------------------------+-----
Stealth        | 3 4 6 |  6.1
Fighting       | 1 2 |  2.6
Dodging        | 3 4 5 |  5.5
Hexes          | 1 2 3 5 |  5.5
Conjurations   | 5 6 7 9 10 | 10.0
Translocations | 2 3 5 6 |  6.0
Spellcasting   | 4 5 6 |  6.7
Short Blades   | 1 |  1.7

Action                   |  1- 3 |  4- 6 |  7- 9 || total
-------------------------+-------+-------+-------++-------
Melee: Dagger            |    20 |    26 |    26 ||    72
 Cast: Magic Dart        |    65 |    33 |    65 ||   163
       Searing Ray       |     6 |    14 |    39 ||    59
       Corona            |       |     1 |       ||     1
       Iskenderun's Myst |       |       |    26 ||    26
       Fulminant Prism   |       |       |     8 ||     8
  Use: Scroll            |     5 |     4 |     1 ||    10
 Stab: Sleeping          |     5 |     2 |     4 ||    11
  Eat: Ration            |     2 |     2 |     4 ||     8
Armor: Robe              |     9 |    17 |    20 ||    46
Dodge: Dodged            |    22 |    27 |    36 ||    85

Table legend:
 A = Non-vault XP
 B = Vault XP
 C = Vault XP percentage of total XP
 D = Non-vault monster count
 E = Vault monster count
 F = Vault count percentage of total count
                 A         B        C        D         E       F
            +---------+---------+-------+---------+---------+-------
      Total |    4395 |     487 |  10.0 |     149 |      12 |   7.5
            +---------+---------+-------+---------+---------+-------
        D:1 |      44 |       0 |   0.0 |      26 |       0 |   0.0
        D:2 |      42 |       0 |   0.0 |      18 |       0 |   0.0
        D:3 |     125 |       0 |   0.0 |      21 |       0 |   0.0
        D:4 |      69 |       0 |   0.0 |       7 |       0 |   0.0
        D:5 |     275 |     255 |  48.1 |      12 |       1 |   7.7
        D:6 |    1730 |     232 |  11.8 |      25 |      11 |  30.6
        D:7 |    1523 |       0 |   0.0 |      28 |       0 |   0.0
        D:8 |     587 |       0 |   0.0 |      12 |       0 |   0.0
            +---------+---------+-------+---------+---------+-------
